 Dungeon Crawl Stone Soup version 0.31-a0-986-g5e6e4ef867 (webtiles) character file.

Game seed: 14030410832945337918

2426 sammy202020 the Fighter (level 9, -1/70 (72) HPs)
             Began as a Minotaur Fighter on Nov 10, 2023.
             Was a Believer of Hepliaklqana.
             Succumbed to a gnoll sergeant's poison
             ... on level 7 of the Dungeon.
             The game lasted 00:08:58 (5112 turns).

sammy202020 the Fighter (Minotaur Fighter)          Turns: 5112, Time: 00:08:59

HP:   -1/70 (72)    AC: 10    Str: 21    XL:     9   Next: 24%
MP:   8/8           EV:  9    Int:  9    God:    Hepliaklqana [**....]
Gold: 466           SH:  5    Dex: 10    Spells: 8/8 levels left

rFire   . . .        a - +0 flail
rCold   + . .        c - +0 buckler
rNeg    . . .        u - +0 chain mail
rPois   .            (helmet restricted)
rElec   .            (no cloak)
rCorr   .            (no gloves)
SInv    .            (no boots)
Will    .....        (no amulet) Stlth
                     i - ring of flight
HPRegen 0.31/turn    k - ring of protection from cold
MPRegen 0.11/turn

%: no passive effects
@: lethally poisoned (-1 -> -9), on berserk cooldown, flying, hasted and slowed,
studying Dodging, lightly drained
A: reduced essence, horns 2, retaliatory headbutt
a: Renounce Religion, Recall Ancestor, Ancestor Identity


You were on level 7 of the Dungeon.
You worshipped Hepliaklqana.
Hepliaklqana was pleased with you.
You visited 2 branches of the dungeon, and saw 8 of its levels.

You collected 466 gold pieces.

Inventory:

Hand Weapons
 a - a +0 flail (weapon)
Missiles
 q - a throwing net
Armour
 c - a +0 buckler (worn)
 u - a +0 chain mail (worn)
Jewellery
 i - a ring of flight (left hand)
 k - a ring of protection from cold (right hand)
 p - a ring of fire
Wands
 b - a wand of iceblast (3)
 r - a wand of flame (31)
 s - a wand of quicksilver (6)
Scrolls
 e - a scroll of enchant armour
 g - a scroll of blinking
 h - a scroll of poison
 l - a scroll of fog
 n - 3 scrolls of teleportation
 o - 2 scrolls of identify
Potions
 d - a potion of might
 f - a potion of haste
 j - a potion of resistance
 t - 2 potions of magic
 w - a potion of curing


   Skills:
 * Level 8.0 Fighting
 * Level 7.3 Maces & Flails
 * Level 7.9 Armour
 + Level 5.6 Dodging
 * Level 7.9 Shields


You had 8 spell levels left.
You didn't know any spells.
Your spell library contained the following spells:

 Spells                   Type           Power      Damage    Failure   Level
 Freeze                   Ice            0%         1d3       95%         1
 Frozen Ramparts          Ice            0%         1d1       100%        3
 Hailstorm                Conj/Ice       0%         3d3       100%        3
 Brom's Barrelling Bould  Conj/Erth      0%         2d3       100%        4
 Fireball                 Conj/Fire      0%         3d3       100%        5
 Iskenderun's Battlesphe  Conj           0%         2d6       100%        5
 Conjure Ball Lightning   Conj/Air       0%         3x3d6     100%        6
 Orb of Destruction       Conj           0%         9d5       100%        7


Dungeon Overview and Level Annotations

Branches:
Dungeon (7/15)             Temple (1/1) D:6

Altars:
Ashenzari
Cheibriados
Dithmenos
Elyvilon
Fedhas
Gozag
Hepliaklqana
Kikubaaqudgha
Makhleb
Nemelex Xobeh
Okawaru
Qazlal
Ru
Sif Muna
Trog
Uskayaw
Vehumet
Wu Jian
Xom
Yredelemnul
Zin
The Shining One

Shops:
D:1 (   D:2 [


Innate Abilities, Weirdness & Mutations

Your life essence is reduced to manifest your ancestor. (-10% HP)
You have a pair of horns on your head.
You reflexively headbutt those who attack you in melee.


Message History

* * * LOW HITPOINT WARNING * * *
Xochitl hits the wight with a +0 dagger of draining.
You closely miss the phantom. Your headbutt misses the phantom.
The phantom is moderately damaged.
Xochitl hits the wight but does no damage.
The phantom barely misses you. The gnoll misses you.
You strike the helpless wight from behind!
You sock the wight!
You destroy the wight!
The gnoll sergeant barely misses you. You furiously retaliate!
You headbutt the gnoll sergeant!
Xochitl barely misses the phantom.
Xochitl hits the phantom with a +0 dagger of draining.
You thump the phantom!
You destroy the phantom!
The gnoll throws a throwing net.
The throwing net hits you.
You become entangled in the net!
The gnoll hits Xochitl with a +0 spear.
Xochitl hits the gnoll with a +0 dagger of draining.
The gnoll sergeant hits you with a +1 trident of venom!
* * * LOW HITPOINT WARNING * * *
You are poisoned.
Your Fighting skill increases to level 8!
You struggle against the net.
You feel very sick.
Xochitl hits the gnoll with a +0 dagger of draining!
The gnoll dies!
The gnoll hits you from afar with a +0 halberd!
* * * LOW HITPOINT WARNING * * *
You struggle against the net.
You feel a strong urge to attack something.
You are no longer berserk.
You are exhausted.
You feel yourself slow down.
* * * LOW HITPOINT WARNING * * *
You feel sick.
The gnoll sergeant hits you but does no damage.
Unknown command.
Unknown command.
Unknown command.
You rip the net and break free!
You die...

..... ##.. ......##
.....##..##.$.....#
......).##..##....###
..$....W...##..##....
..............##..#
....>............## ##.#
............R.##..##....#
...#.....zR##.)##....# ..
#....##..##)@..# .
...##..##.ggg#### ....
..##..##....####
..........##..##....####
#......##.....##..##....#
#..... ##.......##..##.#
##.....###.....##....##..#
#..............#####.....#
..........#....# #####.#


You could see the friendly Xochitl the hexer, a gnoll sergeant and 2 gnolls.

Vanquished Creatures
  Sigmund (D:2)
  Menkaure (D:6)
  3 black bears
  An ogre (D:4)
  A centaur (D:6)
  A phantom (D:7)
  4 scorpions
  A gnoll sergeant (D:5)
  5 wights (D:7)
  2 jellies
  2 hounds
  An orc priest (D:5)
  2 iguanas
  Terence (D:3)
  3 orc wizards
  6 gnolls (D:5)
  7 adders
  6 ufetubi
  A worm (D:5)
  4 dart slugs
  11 orcs
  5 ball pythons
  4 bats
  2 endoplasms
  A giant cockroach (D:2)
  9 hobgoblins
  4 jackals
  5 quokkas
  2 frilled lizards (D:3)
  11 goblins
  7 kobolds
  3 rats
117 creatures vanquished.

Vanquished Creatures (collateral kills)
  Edmund (D:5)
  2 ogres (D:6)
  An ice beast (D:5)
  A scorpion (D:6)
  An iguana (D:7)
  Ijyb (D:5)
  2 gnolls
  2 adders
  A shadow imp (D:6)
  6 orcs (D:5)
  A ball python (D:4)
19 creatures vanquished.

Vanquished Creatures (others)
  2 ancestors (D:4)
2 creatures vanquished.

Grand Total: 138 creatures vanquished

Notes
Turn   | Place    | Note
-------+----------+-------------------------------------------
     0 | D:1      | sammy202020 the Minotaur Fighter began the quest for the
                  | Orb.
     0 | D:1      | Reached XP level 1. HP: 19/19 MP: 0/0
   136 | D:1      | Reached XP level 2. HP: 27/27 MP: 1/1
   262 | D:1      | Found Niewuas's Antique Weapon Shoppe.
   710 | D:2      | Reached skill level 4 in Fighting
   710 | D:2      | Reached XP level 3. HP: 33/33 MP: 2/2
   851 | D:2      | Found Cikigop's Antique Armour Emporium.
   968 | D:2      | Found a shimmering altar of Xom.
  1158 | D:2      | Noticed Sigmund
  1166 | D:2      | Killed Sigmund
  1167 | D:2      | Reached skill level 1 in Dodging
  1167 | D:2      | Reached XP level 4. HP: 27/41 MP: 3/3
  1167 | D:2      | Reached XP level 5. HP: 31/47 MP: 4/4
  1322 | D:2      | Reached skill level 5 in Fighting
  1578 | D:3      | Found a hazy altar of Hepliaklqana.
  1589 | D:3      | Became a worshipper of Hepliaklqana the Forgotten
  1704 | D:3      | Identified the +2 rapier of Plog {venom, rPois rF++ rC+
                  | Dex-4}
  1742 | D:3      | Reached skill level 5 in Armour
  1793 | D:3      | Reached XP level 6. HP: 56/56 MP: 5/5
  1796 | D:3      | Found an ornate altar of the Wu Jian Council.
  1800 | D:3      | Found a snail-covered altar of Cheibriados.
  1835 | D:3      | Identified the +5 quarterstaff "Murmur" {antimagic, rC+
                  | Will+ rCorr}
  2120 | D:3      | Noticed Terence
  2133 | D:3      | Killed Terence
  2134 | D:3      | Reached skill level 5 in Shields
  2246 | D:4      | Reached * piety under Hepliaklqana
  2336 | D:4      | Found an opulent altar of Gozag.
  2440 | D:4      | Reached XP level 7. HP: 13/55 MP: 6/6
  2808 | D:4      | Reached skill level 5 in Maces & Flails
  3119 | D:5      | Entered Level 5 of the Dungeon
  3136 | D:5      | Reached skill level 6 in Fighting
  3158 | D:5      | Found a hide-covered altar of Uskayaw.
  3342 | D:5      | Reached ** piety under Hepliaklqana
  3343 | D:5      | Remembered your ancestor Xochitl as a hexer
  3408 | D:5      | Noticed Ijyb
  3415 | D:5      | Killed Ijyb
  3544 | D:5      | Noticed Edmund
  3556 | D:5      | Killed Edmund
  3557 | D:5      | Reached XP level 8. HP: 60/63 MP: 7/7
  3868 | D:6      | Noticed Menkaure
  3872 | D:6      | Killed Menkaure
  3901 | D:6      | Reached skill level 7 in Fighting
  4147 | D:6      | Found a blossoming altar of Fedhas.
  4149 | D:6      | Found a basalt altar of Yredelemnul.
  4203 | D:6      | Found a sparkling altar of Nemelex Xobeh.
  4320 | D:6      | Reached skill level 5 in Dodging
  4401 | D:6      | Found a staircase to the Ecumenical Temple.
  4608 | Temple   | Entered the Ecumenical Temple
  4977 | D:7      | Reached XP level 9. HP: 69/71 MP: 8/8
  5008 | D:7      | Found an ancient bone altar of Kikubaaqudgha.
  5110 | D:7      | Reached skill level 8 in Fighting
  5110 | D:7      | HP: 4/105 [gnoll/+0 halberd[a gnoll sergeant] (10)]
  5111 | D:7      | HP: 1/70 [poisoned by a gnoll sergeant]
  5112 | D:7      | Succumbed to a gnoll sergeant's poison

Illustrated notes

Levels and vault maps discovered:
D:1:      tarquinn_simple_flora_water_f, layout_basic, serial_shops, shop
D:2:      cheibrodos_greedy_goblins, layout_loops_ring, basic_altar,
          serial_shops, nicolae_shop_dealshenge, uniq_sigmund
D:3:      layout_rooms, lemuel_round_altar, nicolae_wu_jian_glorious_leap,
          mainiacjoe_overflow_six_doors_small, uniq_terence
D:4:      layout_basic, grunt_gozag_statues, serial_glass, glass_columns_b,
          glass_columns_a, minivault_26, hex_large
D:5:      layout_rooms, mainiacjoe_overflow_small_starburst,
          corexii_corridor_pit, uniq_ijyb, uniq_edmund
D:6:      layout_basic, nicolae_overflow_squiral, marbit_many_paths,
          temple_doors_cd, uniq_menkaure
D:7:      minmay_chambers_of_sixes, layout_cave_pools, kiku_gazebo_pond_becter,
          nicolae_zig_zag_zippers
Temple:   oiseaux_autumnal_temple

Skill      XL: |  1  2  3  4  5  6  7  8  9 |
---------------+----------------------------+-----
Shields        | 4 5 6 7 |  7.9
Fighting       | 4 5 6 7 8 |  8.0
Armour         | 4 5 6 7 |  7.9
Maces & Flails | 3 4 5 6 7 |  7.3
Dodging        | 1 2 3 5 |  5.6

Action                     |  1- 3 |  4- 6 |  7- 9 || total
---------------------------+-------+-------+-------++-------
  Melee: Flail             |    76 |   110 |   146 ||   332
         Headbutt          |     9 |    14 |    28 ||    51
 Invoke: Ancestor Life: He |       |       |     1 ||     1
         Ancestor Identity |       |       |     1 ||     1
    Use: Scroll            |     3 |     7 |     4 ||    14
         Potion            |       |     4 |     4 ||     8
   Stab: Confused          |       |       |     5 ||     5
         Distracted        |       |       |     1 ||     1
 Armour: Scale mail        |    58 |    91 |    35 ||   184
         Chain mail        |       |       |    86 ||    86
  Dodge: Dodged            |    39 |    58 |    78 ||   175
  Block: Buckler           |    14 |    37 |    34 ||    85

Table legend: (Time is in decaauts)
 A = Elapsed time spent in this place.
 B = Non-inter-level travel time spent in this place.
 C = Inter-level travel time spent in this place.
 D = Time resting spent in this place.
 E = Time spent auto-exploring this place.
 F = Levels seen in this place.
 G = Mean time per level.
                   A        B        C        D        E       F      G
               +--------+--------+--------+--------+--------+-----+--------+
         Total |   5160 |   5013 |    147 |    442 |   3558 |   8 |  645.0 |
       Dungeon |   5159 |   5012 |    147 |    442 |   3558 |   7 |  737.0 |
        Temple |      1 |      1 |      0 |      0 |      0 |   1 |    1.0 |
               +--------+--------+--------+--------+--------+-----+--------+

Top non-repeatable levels by time:
     D:6: 1131 daAuts
     D:2: 922 daAuts
     D:4: 887 daAuts
     D:3: 752 daAuts
     D:5: 727 daAuts
     D:1: 601 daAuts
     D:7: 135 daAuts
  Temple: 1 daAuts
